 Dungeon Sprint DCSS version 0.31-a0-662-g684573625c (webtiles) character file.

Game seed: 16851237103180123621

178 dialectric the Covert (level 5, 0/55 HPs)
             Began as an Octopode Brigand on Sept 1, 2023.
             Slain by a scorpion (5 damage)
             ... in the Dungeon (Sprint II: "The Violet Keep of Menkaure").
             The game lasted 00:00:21 (19 turns).

dialectric the Covert (Octopode Brigand)              Turns: 19, Time: 00:00:22

Health: 0/55       AC:  1    Str: 10    XL:     5   Next: 58%
Magic:  5/5        EV: 13    Int: 14    God:
Gold:   0          SH:  0    Dex: 15    Spells: 4/4 levels left

rFire   . . .        a - +2 dagger
rCold   . . .        (no shield)
rNeg    . . .        (helmet restricted)
rPois   .            (no amulet)
rElec   .            (no ring)
rCorr   .            (no ring)
SInv    .            (no ring)
Will    .....        (no ring) Stlth
                     (no ring)
HPRegen 0.29/turn    (no ring)
MPRegen 0.09/turn    (no ring)
                     (no ring)

%: no teleportation
@: berserking, lethally poisoned (0 -> -4), very quick
A: almost no armour, amphibious, 8 rings, camouflage 1, gelatinous body 1,
(nimble swimmer 1), tentacles
a: no special abilities


You were in the Dungeon.
You visited 1 branch

Inventory:

Hand Weapons
 a - a +2 dagger (weapon)
Missiles
 b - 9 poisoned darts (quivered)
 c - 3 curare-tipped darts
Scrolls
 i - a scroll of blinking
Potions
 d - a potion of curing
 e - a potion of heal wounds
 f - a potion of haste
 g - 2 potions of magic


   Skills:
 + Level 3.9 Fighting
 + Level 4.2 Short Blades
 - Level 2.9 Throwing
 + Level 1.7 Dodging
 + Level 13.9 Stealth


You had 4 spell levels left.
You didn't know any spells.
Your spell library was empty.

Dungeon Overview and Level Annotations

Branches:
Dungeon (1/1)

Altars:


Innate Abilities, Weirdness & Mutations

You cannot wear most types of armour.
You are amphibious.
You can wear up to eight rings at the same time.
Your skin changes colour to match your surroundings (Stealth+).
Your rubbery body absorbs attacks. (AC +1, EV +1)
((You are camouflaged when in or above water. (Stealth+)))
You have tentacles for arms and can constrict up to eight enemies at once.


Message History

You constrict the scorpion. You puncture the scorpion!
You kill the scorpion!
Your Stealth skill gained 2 levels and is now at level 12!
You have reached level 5!
You feel clever.
Things that are here:
243 gold pieces; a scorpion corpse You completely miss the scorpion.
You grab the scorpion. Your squeeze misses the scorpion.
You constrict the scorpion, but do no damage.
The scorpion barely misses you.
You puncture the scorpion! You squeeze the scorpion.
The scorpion is almost dead.
You constrict the scorpion, but do no damage.
The scorpion completely misses you.
You barely miss the scorpion.
The scorpion is almost dead.
You constrict the scorpion, but do no damage.
The scorpion closely misses you. The scorpion misses you.
You puncture the scorpion!
You kill the scorpion!
The scorpion stings you!
* * * LOW HITPOINT WARNING * * *
You are poisoned.
The scorpion poisons you!
Your Short Blades skill increases to level 4!
Your Stealth skill increases to level 13!
You hit the scorpion but do no damage. You grab the scorpion.
You squeeze the scorpion!
The scorpion is heavily wounded.
You constrict the scorpion.
* * * LOW HITPOINT WARNING * * *
You feel sick.
You hit the scorpion.
The scorpion is severely wounded.
You constrict the scorpion.
* * * LOW HITPOINT WARNING * * *
You feel sick. The scorpion stings you.
You die...

## ##
##. .##
#.s#†.#
# #@#
#l #'#
#.##.##
#'.<.+
#.##.##
#l #+#
#


You could see a scorpion.

Vanquished Creatures
  3 scorpions (D)
3 creatures vanquished.

Notes
Turn   | Place    | Note
-------+----------+-------------------------------------------
     0 | D        | dialectric the Octopode Brigand began the quest for the
                  | Orb.
     0 | D        | Reached XP level 1. HP: 14/14 MP: 1/1
     1 | D        | Noticed a wyvern
     1 | D        | Noticed a wyvern
     3 | D        | Noticed a scorpion
     3 | D        | Noticed a scorpion
     5 | D        | Noticed a scorpion
     5 | D        | Noticed a scorpion
    10 | D        | Killed a scorpion
    11 | D        | Reached skill level 10 in Stealth
    11 | D        | Reached XP level 2. HP: 7/21 MP: 2/2
    11 | D        | Reached XP level 3. HP: 9/26 MP: 3/3
    11 | D        | Reached XP level 4. HP: 11/31 MP: 4/4
    12 | D        | Killed a scorpion
    13 | D        | Reached skill level 12 in Stealth
    13 | D        | Reached XP level 5. HP: 13/36 MP: 5/5
    18 | D        | Reached skill level 13 in Stealth
    19 | D        | Slain by a scorpion

Illustrated notes

Levels and vault maps discovered:
D:        the_violet_keep_of_menkaure [sprint2_stairs_cluster_1,
          sprint2_shoproom, sprint2_temple, sprint2_basic_supplies,
          sprint2_obstacle_4, sprint2_obstacle_6, sprint2_obstacle_2,
          sprint2_obstacle_1, sprint2_obstacle_5, sprint2_timed_cluster_1,
          sprint2_smallroom_cluster_1, sprint2_smallroom_final_cluster_1,
          sprint2_transparent_cluster_1, sprint2_second_timed_cluster_1,
          sprint2_sniper_area_1, sprint2_heavy_combat_area_1,
          sprint2_mutation_trap_area_1, sprint2_forest_area_1,
          sprint2_light_combat_area_1, sprint2_behind_water_1,
          sprint2_near_end_vault_1]

Skill      XL: |  1  2  3  4  5 |
---------------+----------------+-----
Fighting       | 3 |  3.9
Short Blades   | 3 4 |  4.2
Stealth        | 10 12 13 | 13.9
Throwing       | |  2.9
Dodging        | |  1.7

Action                     |  1- 3 |  4- 6 || total
---------------------------+-------+-------++-------
  Melee: Dagger            |     3 |     8 ||    11
         Constrict         |     1 |     3 ||     4
         Tentacles         |     1 |     2 ||     3
    Use: Potion            |     1 |       ||     1
   Stab: Sleeping          |     1 |       ||     1
 Armour: Skin              |     3 |     2 ||     5
  Dodge: Dodged            |       |     4 ||     4

Table legend: (Time is in decaauts)
 A = Elapsed time spent in this place.
 B = Non-inter-level travel time spent in this place.
 C = Inter-level travel time spent in this place.
 D = Time resting spent in this place.
 E = Time spent auto-exploring this place.
 F = Levels seen in this place.
 G = Mean time per level.
                   A        B        C        D        E       F      G
               +--------+--------+--------+--------+--------+-----+--------+
         Total |     14 |     14 |      0 |      0 |      0 |   1 |   14.0 |
       Dungeon |     14 |     14 |      0 |      0 |      0 |   1 |   14.0 |
               +--------+--------+--------+--------+--------+-----+--------+

Top non-repeatable levels by time:
       D: 14 daAuts
